Croesus, chaotic male elven Ranger ---------------- |..............| |......<.......| |..............| ------.--------- # ### # ----.--- |......| |d.@...% |..[...| |......- -------- Croesus the Tenderfoot Experience level: 1 Strength: 16 Dexterity: 11 Constitution: 16 Intelligence: 13 Wisdom: 13 Charisma: 7 Health: 0(13) Energy: 4(4) Def: 13 Gold: 922 Moves: 2710 Dungeon seed: qI4ORafXFSqdKHPq Game ID: Croesus_1563318361 Your Inventory: Weapons d - an uncursed +1 elven dagger (alternate weapon; not wielded) e - an uncursed +1 elven bow g - 8 uncursed +0 silver arrows l - 108 uncursed +0 darts o - 2 uncursed +0 orcish daggers (wielded) s - a cursed -1 knife C - 6 uncursed +0 daggers Y - 59 blessed +2 elven arrows Z - 38 uncursed +0 elven arrows (in quiver) Armor b - an uncursed +2 elven cloak (being worn) n - an uncursed +1 banded mail (being worn) q - a cursed -2 pair of high boots named cursed y - an uncursed +0 orcish helm N - an uncursed +0 large shield (being worn) Q - an uncursed +0 orcish helm of drain resistance (being worn) Comestibles f - 2 uncursed lembas wafers R - 2 uncursed food rations Scrolls i - 3 uncursed scrolls of genocide u - a cursed scroll of identify E - an uncursed scroll of confuse monster H - an uncursed scroll of identify Potions m - an uncursed potion of extra healing p - an uncursed potion of see invisible v - an uncursed potion of wonder B - 2 uncursed potions of levitation G - a blessed potion of booze L - an uncursed potion of healing Wands r - an uncursed wand of striking (0:7) Tools z - an uncursed blindfold Gems A - 2 uncursed worthless pieces of red glass D - an uncursed worthless piece of yellowish brown glass M - an uncursed worthless piece of violet glass P - an uncursed turquoise stone Coins $ - 922 gold pieces Spells and supernatural/magical abilities: Name Level Category Cost Memory h - healing 1 healing 1000pw 99% k - knock 1 matter 1000pw 99% W - pray for help -- divine ? -- Your skills at the end: Fighting Skills wands [Basic] Weapon Skills dagger [Basic] bow [Basic] Spellcasting Skills Final Attributes: You were piously aligned. You were immune to sleep. You were level-drain resistant. You saw invisible. You had automatic searching. You had infravision. You were stealthy. You were lucky. Mars was noncommittal. You are dead. Vanquished creatures: a gnome lord a black naga hatchling a giant ant 2 rabid rats a centipede 4 iguanas an acid blob a coyote a hobbit 3 giant rats a cave spider a brown mold 2 yellow molds a green mold 2 geckos 3 jackals a fox 3 kobolds 3 goblins a sewer rat 11 grid bugs 3 lichens a kobold zombie 2 newts 51 creatures vanquished. Voluntary challenges: You were an atheist. You used a wielded weapon 7 times, starting on turn 887. You read items or engraved 3 times, starting on turn 1617. You never genocided any monsters. You never polymorphed an object. You never changed form. You used no wishes. You never split a pudding. You never wrote Elbereth's name. You never violated your personal moral code. Dungeon overview: The Dungeons of Doom: levels 1 to 7 Level 1 a vault a long staircase Level 2 Level 3 a delicatessen, a fountain Level 4 a fountain a long staircase Level 5 a fountain, a sink Level 6 a fountain Level 7 <- You were here History has recorded: On T:1 you entered the Dungeons of Doom to retrieve the Amulet of Yendor! On T:516 you reached level 2 of The Dungeons of Doom. On T:966 you reached level 3 of The Dungeons of Doom. On T:1384 you reached level 4 of The Dungeons of Doom. On T:1601 you reached level 5 of The Dungeons of Doom. On T:2146 you reached level 6 of The Dungeons of Doom. On T:2595 you reached level 7 of The Dungeons of Doom. Score breakdown: Gold: 922 (10086 points) Experience: 1 level ( 0 points) Exploration: 7 levels ( 14.89%) (10834 points) Discoveries: 3 items ( 1.02%) ( 3025 points) Valuables value: (no points given unless you survive) Artifact value: 0 ( 0 points) Variety of kills: 24 monsters ( 6.32%) ( 7539 points) Turncount: 2710 turns ( -449 points) Survival: died (score multiplied by 80%) Total score: 24828 Latest messages: You start equipping your magical iron skull cap. You take off your iron skull cap. Sirius bites the black naga hatchling. The black naga hatchling bites Sirius. The black naga hatchling misses Sirius. Sirius bites the black naga hatchling. You stop changing your equipment. [3 turns] You continue equipping your magical iron skull cap. Sirius bites the black naga hatchling. The black naga hatchling misses Sirius. You stop changing your equipment. You continue equipping your magical iron skull cap. You are now wearing a magical iron skull cap. The black naga hatchling bites Sirius. Sirius bites the black naga hatchling. (2x) The black naga hatchling is killed! You see here a male black naga hatchling corpse. [2 turns] You have a very bad case of stomach acid. You die... Final status: Goodbye Croesus the Ranger, killed by an acidic corpse... You died in The Dungeons of Doom on dungeon level 7 with 24828 points, and 922 pieces of gold, after 2710 moves. You were level 1 with a maximum of 13 hit points when you died.